 Dungeon Crawl Stone Soup version 0.30-a0-1008-g30c9307041 (webtiles) character file.

Game seed: 283114637428805203

919 kiwi3s the Chopper (level 7, -1/64 HPs)
             Began as a Minotaur Berserker on Apr 5, 2023.
             Was an Elder of Trog.
             Slain by an iguana (3 damage)
             ... on level 5 of the Dungeon.
             The game lasted 00:05:33 (3995 turns).

kiwi3s the Chopper (Minotaur Berserker)             Turns: 3995, Time: 00:05:34

Health: -1/64      AC: 15    Str: 20 (23) XL:     7   Next: 83%
Magic:  6/6        EV:  7    Int:  3 (4)  God:    Trog [****..]
Gold:   181        SH:  0    Dex:  7 (10) Spells: 6/6 levels left

rFire   . . .      SeeInvis .    a - +0 hand axe
rCold   . . .      Faith    .    (no shield)
rNeg    . . .      Spirit   .    j - +0 plate armour
rPois   .          Reflect  .    (helmet restricted)
rElec   .          Rampage  .    c - scarf {repulsion}
rCorr   .                        x - +0 pair of gloves
Will    .....                    i - +0 pair of boots Stlth
                                 (no amulet)
HPRegen 0.30/turn                (no ring)
MPRegen 0.10/turn                (no ring)

@: repel missiles
A: horns 2, retaliatory headbutt
a: Renounce Religion, Berserk, Trog's Hand, Brothers in Arms


You were on level 5 of the Dungeon.
You worshipped Trog.
Trog was greatly pleased with you.
You visited 1 branch of the dungeon, and saw 5 of its levels.

You collected 181 gold pieces.

Inventory:

Hand Weapons
 a - a +0 hand axe (weapon)
 B - a +0 war axe
Missiles
 G - a throwing net (quivered)
Armour
 b - a +0 animal skin
 c - a scarf of repulsion (worn)
 i - a +0 pair of boots (worn)
 j - a +0 plate armour (worn)
 m - a +0 kite shield
 w - a +0 cloak
 x - a +0 pair of gloves (worn)
 E - the +5 robe of Misfortune {Harm *Corrode *Slow EV+5}
   (You found it on level 3 of the Dungeon)

   EV:        It affects your evasion (+5).
   *Corrode:  It may corrode you when you take damage.
   *Slow:     It may slow you when you take damage.
   Harm:      It increases damage dealt and taken.
Jewellery
 d - a ring of ice
 o - a ring of protection from cold
 s - a ring of poison resistance
 H - a +6 ring of strength
 L - a ring of protection from fire
Wands
 A - a wand of acid (17)
 K - a wand of iceblast (4)
Scrolls
 e - a scroll of magic mapping {unknown}
 h - 3 scrolls of fear {unknown}
 l - a scroll of poison {unknown}
 n - a scroll of amnesia {unknown}
 r - 2 scrolls of identify {unknown}
 u - a scroll of teleportation {unknown}
 y - 2 scrolls of vulnerability {unknown}
 z - a scroll of enchant armour {unknown}
 C - 2 scrolls of fog {unknown}
 D - 2 scrolls of enchant weapon {unknown}
 F - a scroll of butterflies {unknown}
 I - a scroll of brand weapon {unknown}
Potions
 f - a potion of curing {unknown}
 g - 2 potions of degeneration
 k - 2 potions of heal wounds {unknown}
 p - a potion of might {unknown}
 q - a potion of ambrosia {unknown}
 t - 2 potions of magic {unknown}
 v - a potion of haste {unknown}
 J - a potion of brilliance {unknown}


   Skills:
 + Level 6.4 Fighting
 + Level 6.5 Axes
 + Level 5.8 Armour
 + Level 5.3 Dodging


You had 6 spell levels left.
You didn't know any spells.
Your spell library was empty.

Dungeon Overview and Level Annotations

Branches:
Dungeon (5/15)
 Temple: D:4-7

Altars:
Fedhas
Kikubaaqudgha
Qazlal
Sif Muna
Vehumet
Yredelemnul

Shops:
D:1 :   D:2 =   D:3 [


Innate Abilities, Weirdness & Mutations

You have a pair of horns on your head.
You reflexively headbutt those who attack you in melee.


Message History

You see here a hound corpse.
Things that are here:
a +1 whip of flaming; a +0 leather armour; an orc corpse No target in view!
There is a fountain of clear blue water here.
An ogre and an iguana come into view.
Found 8 gold pieces.
The ogre shouts!
The iguana hisses angrily.
You hit the iguana but do no damage. Your headbutt misses the iguana.
The iguana bites you but does no damage.
There are monsters nearby!
There are monsters nearby!
You barely miss the iguana.
You headbutt the iguana, but do no damage.
The iguana bites you.
You hit the iguana but do no damage. You hit the ogre.
The ogre closely misses you.
The iguana bites you but does no damage.
You barely miss the ogre. You headbutt the ogre!
The ogre is moderately wounded.
You hit the iguana but do no damage.
The iguana bites you but does no damage.
The ogre hits you with a +0 giant club!
You slash the ogre!
The ogre is severely wounded.
You hit the iguana but do no damage.
The iguana bites you but does no damage.
You hit the ogre.
The ogre is severely wounded.
You hit the iguana but do no damage. The iguana bites you!
The ogre hits you with a +0 giant club!
* * * LOW HITPOINT WARNING * * *
You are too injured to fight recklessly!
The ogre attacks as you move away! The ogre hits you with a +0 giant club!
* * * LOW HITPOINT WARNING * * *
It was a potion of degeneration.
There was something very wrong with that liquid.
You feel weakened.
You feel dopey.
You feel clumsy. The iguana bites you.
You die...

####....###..## ..#
#........##...# $.#.
#..........#..### ..#.#
#..............## ..#!.#
#................
###...#
##...............
.......
##.##...##.##..##
#.....##...#####...##..#
#Ol@.⌠.......⌠......
#..#...#####...#....
##.##.## ##. #.###
##.#.# # #..... ###.#
#..... ##.#.# #.....
##.##.## ##....
##..#...#####.. #...#
#.....⌠.......⌠ ..##


You could see an ogre and an iguana.

Vanquished Creatures
  Edmund (D:4)
  A sky beast (D:5)
  An ogre (D:5)
  A centaur (D:5)
  A howler monkey (D:5)
  3 hounds
  Crazy Yiuf (D:2)
  A gnoll bouda (D:4)
  An iguana (D:5)
  2 sleepcaps (D:5)
  Ijyb (D:3)
  5 adders
  9 gnolls
  A white imp (D:4)
  An ufetubus (D:5)
  2 worms
  4 dart slugs
  3 orcs (D:5)
  9 endoplasms
  7 giant cockroaches
  8 hobgoblins
  2 jackals (D:3)
  2 quokkas (D:2)
  12 ball pythons
  9 bats
  3 frilled lizards
  9 goblins
  2 kobolds
  6 rats
  A spectral orc (D:4)
109 creatures vanquished.

Notes
Turn   | Place    | Note
-------+----------+-------------------------------------------
     0 | D:1      | kiwi3s the Minotaur Berserker began the quest for the Orb.
     0 | D:1      | Reached XP level 1. HP: 19/19 MP: 0/0
    70 | D:1      | Found Kufuseq's Book Boutique.
    92 | D:1      | Reached XP level 2. HP: 27/27 MP: 1/1
   327 | D:1      | Reached ** piety under Trog
   572 | D:1      | Reached XP level 3. HP: 33/33 MP: 2/2
   825 | D:2      | Found Guul's Jewellery Boutique.
  1044 | D:2      | Found a runed translucent door.
  1045 | D:2      | Noticed Crazy Yiuf
  1327 | D:2      | Reached XP level 4. HP: 32/40 MP: 3/3
  1468 | D:2      | Killed Crazy Yiuf
  1502 | D:3      | Found Kifecs Elis's Armour Shop.
  1573 | D:3      | Reached *** piety under Trog
  1574 | D:3      | Reached XP level 5. HP: 40/47 MP: 4/4
  1676 | D:3      | Found the +5 robe of Misfortune {Harm *Corrode *Slow EV+5}
  1743 | D:3      | Noticed Ijyb
  1790 | D:3      | Killed Ijyb
  1915 | D:3      | Found an ancient bone altar of Kikubaaqudgha.
  1915 | D:3      | Found a shimmering blue altar of Sif Muna.
  1917 | D:3      | Found a radiant altar of Vehumet.
  1995 | D:3      | Reached skill level 5 in Axes
  2048 | D:3      | Found a faded altar of an unknown god.
  2169 | D:4      | Reached skill level 5 in Fighting
  2183 | D:4      | Reached XP level 6. HP: 12/56 MP: 5/5
  2408 | D:4      | Found a blossoming altar of Fedhas.
  2412 | D:4      | Found a stormy altar of Qazlal.
  2756 | D:4      | Noticed Edmund
  2773 | D:4      | Killed Edmund
  2993 | D:4      | Found a basalt altar of Yredelemnul.
  3254 | D:5      | Entered Level 5 of the Dungeon
  3268 | D:5      | Noticed a sky beast
  3276 | D:5      | Killed a sky beast
  3277 | D:5      | Reached skill level 5 in Armour
  3277 | D:5      | Reached XP level 7. HP: 53/62 MP: 6/6
  3734 | D:5      | Reached skill level 5 in Dodging
  3836 | D:5      | Reached **** piety under Trog
  3994 | D:5      | HP: 2/64 [ogre/+0 giant club (15)]
  3995 | D:5      | Slain by an iguana

Illustrated notes

Levels and vault maps discovered:
D:1:      spicycebolla_arrival_xxxplode, layout_basic, serial_shops,
          nicolae_shop_trees
D:2:      layout_basic, serial_shops, nicolae_shop_stone,
          chequers_serial_rivers_small_b, minmay_statues_item,
          uniq_crazy_yiuf_cottage
D:3:      layout_rooms, grunt_temple_overflow_magic_moments, serial_shops, shop,
          shapermc_ecumenical_altar_pompeii, minmay_hedge_maze, uniq_ijyb
D:4:      layout_loops_corners, grunt_temple_overflow_forces_of_nature,
          yredelemnul_forgotten_temple_becter, uniq_edmund
D:5:      layout_cave_pods, amcnicky_altar_gilded, minmay_misc_feat_tower,
          nicolae_concentric_dashed_squares_mild, hangedman_decor_slide_cut

Skill      XL: |  1  2  3  4  5  6  7 |
---------------+----------------------+-----
Axes           | 4 5 6 |  6.5
Fighting       | 4 5 6 |  6.4
Armour         | 3 4 5 |  5.8
Dodging        | 3 4 5 |  5.3

Action                     |  1- 3 |  4- 6 |  7- 9 || total
---------------------------+-------+-------+-------++-------
  Melee: Hand axe          |   110 |   102 |    53 ||   265
         Headbutt          |    16 |    19 |    13 ||    48
         Unarmed           |       |     3 |       ||     3
         Punch             |       |     2 |       ||     2
 Invoke: Berserk           |       |     3 |       ||     3
    Use: Potion            |       |       |     1 ||     1
   Stab: Sleeping          |     1 |       |       ||     1
 Armour: Animal skin       |     4 |       |       ||     4
         Plate armour      |    65 |    55 |    43 ||   163
  Dodge: Dodged            |    57 |    52 |    29 ||   138
         Repelled          |     1 |       |     1 ||     2

Table legend: (Time is in decaauts)
 A = Elapsed time spent in this place.
 B = Non-inter-level travel time spent in this place.
 C = Inter-level travel time spent in this place.
 D = Time resting spent in this place.
 E = Time spent auto-exploring this place.
 F = Levels seen in this place.
 G = Mean time per level.
                   A        B        C        D        E       F      G
               +--------+--------+--------+--------+--------+-----+--------+
         Total |   4035 |   3964 |     71 |    404 |   2838 |   5 |  807.0 |
       Dungeon |   4035 |   3964 |     71 |    404 |   2838 |   5 |  807.0 |
               +--------+--------+--------+--------+--------+-----+--------+

Top non-repeatable levels by time:
     D:4: 1186 daAuts
     D:2: 788 daAuts
     D:5: 740 daAuts
     D:1: 731 daAuts
     D:3: 588 daAuts
